 Dungeon Crawl Stone Soup version 0.32-a0-43-g058985b245 (webtiles) character file.

Game seed: 14785746505091841407

48 Uro the Firebug (level 3, -2/24 HPs)
             Began as a Mummy Fire Elementalist on Feb 4, 2024.
             Slain by a sky beast (4 damage)
             ... on level 3 of the Dungeon.
             The game lasted 00:02:37 (2332 turns).

Uro the Firebug (Mummy Fire Elementalist)           Turns: 2332, Time: 00:02:37

Health: -2/24      AC:  2    Str: 11    XL:     3   Next: 50%
Magic:  0/7        EV: 12    Int: 16    God:
Gold:   129        SH:  5    Dex: 12    Spells: 5/8 levels left

rFire   x . .        k - +0 dagger (venom)
rCold   + . .        (no shield)
rNeg    + + +        a - +0 robe
rPois   ∞            (no helmet)
rElec   .            (no cloak)
rCorr   .            (no gloves)
SInv    .            (no boots)
Will    .....        d - amulet of reflection
Stlth   ++           (no ring)
HPRegen 0.24/turn    (no ring)
MPRegen 0.10/turn

%: reflection, faith
@: no status effects
A: cold resistance 1, negative energy resistance 3, torment resistance 2, heat
vulnerability 1, in touch with death 1, no potions, faith
a: no special abilities


You were on level 3 of the Dungeon.
You visited 1 branch of the dungeon, and saw 3 of its levels.

You collected 129 gold pieces.

Inventory:

Hand Weapons
 b - a +0 mace
 h - a +0 short sword of protection
 k - a +0 dagger of venom (weapon)
Armour
 a - a +0 robe (worn)
Jewellery
 d - an amulet of reflection (around neck)
Scrolls
 c - 2 scrolls of teleportation {unknown}
 e - 3 scrolls of identify {unknown}
 f - a scroll of immolation {unknown}
 g - a scroll of enchant weapon {unknown}
 i - a scroll of brand weapon {unknown}
 j - a scroll of fear {unknown}


   Skills:
 - Level 1.5 Dodging
 - Level 1.5 Stealth
 - Level 3.0 Spellcasting
 + Level 1.9 Conjurations
 + Level 3.1 Fire Magic


You had 5 spell levels left.
You knew the following spells:

 Your Spells              Type           Power      Damage    Failure   Level
f - Foxfire               Conj/Fire      40%        2x1d6     7%          1
X - Scorch                Fire           24%        2d6       8%          2

Your spell library contained the following spells:

 Spells                   Type           Power      Damage    Failure   Level
 Inner Flame              Hex/Fire       7%         N/A       30%         3
 Volatile Blastmotes      Fire/Tloc      14%        2d11      30%         3
 Flame Wave               Conj/Fire      10%        2d6       54%         4


Dungeon Overview and Level Annotations

Branches:
Dungeon (3/15)

Altars:


Innate Abilities, Weirdness & Mutations

You are immune to poison.
Your flesh is cold resistant. (rC+)
You are immune to negative energy. (rN+++)
You are immune to unholy pain and torment.
You are vulnerable to heat. (rF-)
You are in touch with the powers of death.
You do not drink.
You have a special connection with the divine. (Faith)


Message History

A rat is nearby!
Casting: Scorch (safe; 8% risk of failure)
Confirm with . or Enter, or press ? or * to list all spells.
You can't see any susceptible monsters within range! (Use Z to cast anyway.)
You conjure some foxfire!
The foxfire hits the rat.
You kill the rat!
You conjure some foxfire!
You now have 117 gold pieces (gained 6).
You see here a rat corpse.
You now have 129 gold pieces (gained 12).
e - 3 scrolls labelled YHUTSI RAODWICW (gained 1)
A sky beast comes into view.
You conjure some foxfire!
You conjure some foxfire!
The foxfire hits the sky beast.
You conjure some foxfire!
The sky beast hits you. The sky beast shocks you.
You are too injured to fight recklessly!
You are too injured to fight recklessly!
Casting: Foxfire (safe; 7% risk of failure)
Confirm with . or Enter, or press ? or * to list all spells.
Flames lash the sky beast.
The sky beast's fire resistance burns away.
The foxfire hits the sky beast but does no damage.
The foxfire hits the sky beast.
The sky beast hits you. The sky beast shocks you.
* * * LOW HITPOINT WARNING * * *
Casting: Scorch (safe; 8% risk of failure)
Confirm with . or Enter, or press ? or * to list all spells.
You conjure some foxfire!
The sky beast barely misses you.
Casting: Foxfire (safe; 7% risk of failure)
Confirm with . or Enter, or press ? or * to list all spells.
You conjure some foxfire!
The foxfire hits the sky beast.
The sky beast is burned terribly!
The foxfire hits the sky beast!
The sky beast is burned terribly!
The sky beast hits you.
* * * LOW HITPOINT WARNING * * *
The sky beast shocks you.
* * * LOW HITPOINT WARNING * * *
Unknown command.
The foxfire hits the sky beast but does no damage.
You barely miss the sky beast. The sky beast closely misses you.
Unknown command.
You hit the sky beast but do no damage.
The sky beast is no longer more vulnerable to fire.
You block the sky beast's attack.
Unknown command.
Casting: Foxfire (safe; 7% risk of failure)
Confirm with . or Enter, or press ? or * to list all spells.
You conjure some foxfire!
The sky beast flickers out of sight!
Deactivating autopickup; reactivate with Ctrl-A.
Something hits you.
You die...

######### ##.......##
#.........#
#.........##########
#...<.......v@v....###
#.....†...####{.......
#.........# #........#
#.........# #.........
##........# #.........
#.##.###.# ##.....###
#. #.# #.# ##....# #.
#.# #)# ###+# #.# .#


There were no monsters in sight!

Vanquished Creatures
  An adder (D:2)
  A ribbon worm (D:2)
  2 dart slugs
  2 endoplasms (D:1)
  A giant cockroach (D:1)
  A goblin (D:2)
  3 hobgoblins
  A quokka (D:1)
  2 ball pythons
  3 bats (D:1)
  4 frilled lizards
  8 kobolds
  5 rats
34 creatures vanquished.

Vanquished Creatures (others)
  95 foxfires
95 creatures vanquished.

Grand Total: 129 creatures vanquished

Notes
Turn   | Place    | Note
-------+----------+-------------------------------------------
     0 | D:1      | Uro the Mummy Fire Elementalist began the quest for the
                  | Orb.
     0 | D:1      | Reached XP level 1. HP: 13/13 MP: 4/4
   112 | D:1      | Reached skill level 1 in Conjurations
   168 | D:1      | Reached skill level 3 in Spellcasting
   211 | D:1      | Reached XP level 2. HP: 19/19 MP: 4/6
  1049 | D:1      | Learned a level 2 spell: Scorch
  1177 | D:2      | Reached XP level 3. HP: 24/24 MP: 0/7
  1316 | D:2      | Reached skill level 3 in Fire Magic
  2320 | D:3      | Noticed a sky beast
  2328 | D:3      | HP: 1/24 [sky beast (6)]
  2332 | D:3      | Slain by a sky beast

Illustrated notes

Levels and vault maps discovered:
D:1:      scummos_arrival_forest, layout_basic, minmay_tetromino_l2
D:2:      layout_loops_corners, minivault_14, corexii_item_surrounded_by_moat
D:3:      layout_loops_corners, mainiacjoe_overflow_tiny_flanked,
          fedhas_altar_3, minmay_rat_hole, uniq_jessica

Skill      XL: |  1  2  3 |
---------------+----------+-----
Conjurations   | 1 |  1.9
Spellcasting   | 3 |  3.0
Fire Magic     | 3 |  3.1
Dodging        | |  1.5
Stealth        | |  1.5

Action                     || total
---------------------------++-------
  Melee: Unarmed           ||     5
         Mace              ||     2
         Dagger            ||     2
         Short sword       ||     1
   Cast: Foxfire           ||    57
         Scorch            ||    12
 Armour: Robe              ||    19
  Dodge: Dodged            ||    19
  Block: Other             ||     2

Table legend: (Time is in decaauts)
 A = Elapsed time spent in this place.
 B = Non-inter-level travel time spent in this place.
 C = Inter-level travel time spent in this place.
 D = Time resting spent in this place.
 E = Time spent auto-exploring this place.
 F = Levels seen in this place.
 G = Mean time per level.
                   A        B        C        D        E       F      G
               +--------+--------+--------+--------+--------+-----+--------+
         Total |   2330 |   2250 |     80 |     40 |   1984 |   3 |  776.7 |
       Dungeon |   2330 |   2250 |     80 |     40 |   1984 |   3 |  776.7 |
               +--------+--------+--------+--------+--------+-----+--------+

Top non-repeatable levels by time:
     D:2: 1207 daAuts
     D:1: 1075 daAuts
     D:3: 47 daAuts
